 Dungeon Crawl Stone Soup version 0.28.0 (webtiles) character file.

Game seed: 14031497013740746053

73103 a3don the Fighter (level 15, 0/112 HPs)
             Began as a Djinni Conjurer on Feb 7, 2022.
             Was a Follower of Yredelemnul.
             Slain by an alligator (21 damage)
             ... led by an alligator
             ... on level 2 of the Swamp on Feb 8, 2022.
             The game lasted 01:36:34 (20563 turns).

a3don the Fighter (Djinni Conjurer)                Turns: 20563, Time: 01:36:35

Health: 0/112      AC: 13    Str:  8    XL:     15   Next: 88%
Gold:   1158       EV: 12    Int: 25    God:    Yredelemnul [*.....] SH: 11 Dex: 14

rFire   + . .      SeeInvis .   u - +10 spear "Dokusoink" {pain, rF- Will+ Dex+2}
rCold   . . .      Faith    .   y - +0 kite shield
rNeg    . . .      Spirit   .   a - +4 leather armour of Dithmenos's Regard {rElec}
rPois   ∞          Reflect  .   c - +2 helmet
rElec   +          Harm     .   r - +1 cloak {rPois}
rCorr   .          Rampage  .   (no gloves)
Will    ++...                   (boots unavailable)
Stlth   ++........              m - amulet of regeneration
HPRegen 1.08/turn               f - ring of wizardry
MPRegen 0.00/turn               p - ring of protection from cold

@: grasped by roots, flying, constricted
A: sickness immunity, fire resistance 2, cold vulnerability 1, float, innate
caster, HP casting, extra vitality 1
a: Renounce Religion, Recall Undead Harvest


You were on level 2 of the Swamp.
You worshipped Yredelemnul.
Yredelemnul was aware of your devotion.
You visited 3 branches of the dungeon, and saw 19 of its levels.

You collected 1563 gold pieces.
You spent 405 gold pieces at shops.

Inventory:

Hand Weapons
 u - the +10 spear "Dokusoink" (weapon) {pain, rF- Will+ Dex+2}
   (You found it on level 4 of the Dungeon)

   In the hands of one skilled in necromantic magic, it inflicts extra damage on
   living creatures.
   Your inability to study Necromancy prevents you from drawing on the full
   power of this weapon.
   Dex:       It affects your dexterity (+2).
   rF:        It makes you vulnerable to fire.
   Will:      It increases your willpower.
 F - a +2 falchion of freezing
 K - a +2 vampiric dagger
 X - a +4 flail of freezing
Missiles
 O - 3 throwing nets
Armour
 a - the +4 leather armour of Dithmenos's Regard (worn) {rElec}
   (You found it on level 4 of the Lair of Beasts)

   rElec:     It insulates you from electricity.
 c - a +2 helmet (worn)
 r - a +1 cloak of poison resistance (worn)
 y - a +0 kite shield (worn)
Magical Staves
 i - a staff of cold
Jewellery
 f - a ring of wizardry (left hand)
 m - an amulet of regeneration (around neck)
 p - a ring of protection from cold (right hand)
 Q - a ring of ice
 T - a +4 ring of protection
Wands
 d - a wand of iceblast (24)
 w - a wand of acid (12)
 C - a wand of charming (18)
 J - a wand of flame (19)
 U - a wand of polymorph (5)
 V - a wand of paralysis (1)
 W - a wand of digging (16)
Scrolls
 b - 2 scrolls of fear
 j - 4 scrolls of vulnerability
 k - 6 scrolls of enchant weapon
 l - 3 scrolls of fog
 s - a scroll of acquirement {unknown}
 x - 3 scrolls of brand weapon {unknown}
 z - 3 scrolls of summoning
 B - 4 scrolls of teleportation
 D - 3 scrolls of magic mapping {unknown}
 G - 2 scrolls of silence {unknown}
 I - 2 scrolls of holy word {unknown}
 L - 2 scrolls of amnesia {unknown}
 M - 4 scrolls of blinking {unknown}
 R - 2 scrolls of torment {unknown}
 S - 3 scrolls of immolation {unknown}
 Y - 6 scrolls of enchant armour {unknown}
Potions
 e - 2 potions of cancellation {unknown}
 h - 6 potions of mutation
 n - 2 potions of berserk rage {unknown}
 o - 2 potions of invisibility {unknown}
 v - a potion of haste
 A - 2 potions of heal wounds
 E - 6 potions of might
 H - 3 potions of lignification {unknown}
 N - 2 potions of attraction {unknown}
 P - 10 potions of curing
 Z - 4 potions of resistance {unknown}
Miscellaneous
 g - a lightning rod (4/4)
 q - a condenser vane


   Skills:
 + Level 12.2 Fighting
 + Level 7.3 Armour
 - Level 12.0 Dodging
 - Level 4.0 Stealth
 + Level 9.0 Shields
 + Level 10.6 Spellcasting
 + Level 11.2 Invocations
 + Level 6.6 Evocations


You couldn't memorise any spells.
You knew the following spells:

 Your Spells              Type           Power      Damage    Failure   Level
a - Magic Dart            Conj           100%       1d8       1%          1
b - Foxfire               Conj/Fire      100%       2x1d9     1%          1
c - Dazzling Flash        Conj/Hex       100%       N/A       1%          3
d - Scorch                Fire           100%       2d10      1%          2
e - Iskenderun's Mystic   Conj/Tloc      61%        2d13      1%          4
f - Searing Ray           Conj           100%       2d8       1%          2
g - Fulminant Prism       Conj/Hex       30%        3d16      1%          4
h - Call Canine Familiar  Summ           61%        N/A       1%          3
i - Anguish               Hex/Necr       30%        N/A       1%          4
j - Airstrike             Air            30%        N/A       1%          4
k - Summon Mana Viper     Hex/Summ       61%        N/A       1%          5
l - Dispersal             Tloc           30%        N/A       12%         6
Your spell library was empty.

Dungeon Overview and Level Annotations

Branches:
Dungeon (11/15)            Temple (0/1) D:6            Lair (6/6) D:8
  Swamp (2/4) Lair:3       Spider (0/4) Lair:3        Slime (0/5) Lair:6
    Orc (0/2) D:11

Altars:
Cheibriados
Elyvilon
Fedhas
Gozag
Hepliaklqana
Kikubaaqudgha
Okawaru
Qazlal
Ru
Trog
Vehumet
Yredelemnul

Shops:
D:9 !=

Annotations:
D:7 exclusion: statue
D:10 3 runed translucent doors, Kalaber's ghost, novice TrMo
Lair:1 exclusion: oklob plant
Lair:2 exclusion: oklob plant
Lair:5 3 runed translucent doors, Clumpoid's ghost, journeyman GnFi


Innate Abilities, Weirdness & Mutations

You are immune to sickness and miasma.
You are immune to poison.
Your flesh is very heat resistant. (rF++)
You are vulnerable to cold. (rC-)
You float through the air rather than walking.
You learn spells naturally, not from books.
Your magical power is your life essence.
You have superior vitality. (+4 MHP)


Message History

The alligator tail-slaps you but does no damage.
The alligator barely misses you. You block the alligator's attack.
Your bound swamp dragon bites the swamp dragon.
Your bound swamp dragon claws the swamp dragon but does no damage.
Your bound swamp dragon tramples the swamp dragon.
The swamp dragon is shoved backwards!
Casting: Airstrike (mildly dangerous; 1% risk of failure)
Confirm with . or Enter, or press ? or * to list all spells.
Aiming: Airstrike (mildly dangerous; 1% risk of failure)
Press: ? - help, Dir - move target, f/p - shambling mangrove
Aim: a shambling mangrove (severely damaged, ally target, empty space bonus: 7/8)
The air twists around and strikes the shambling mangrove!
The shambling mangrove is severely damaged.
The alligator looks more healthy.
Your wolf splashes around in the water.
The alligator bites you!
The alligator is wracked by anguish!
The alligator misses you. x2; You block the alligator's attack.
Your wolf bites the swamp dragon.
Your mana viper barely misses the shambling mangrove.
Your bound swamp dragon bites the swamp dragon!
The swamp dragon dies!
Casting: Airstrike (mildly dangerous; 1% risk of failure)
Confirm with . or Enter, or press ? or * to list all spells.
Aiming: Airstrike (mildly dangerous; 1% risk of failure)
Press: ? - help, Dir - move target, f/p - shambling mangrove
Aim: a shambling mangrove (severely damaged, ally target, empty space bonus: 7/8)
The air twists around and strikes the shambling mangrove!
The shambling mangrove is almost destroyed.
Your mana viper splashes around in the water.
The alligator bites you!
The alligator is wracked by anguish!
The alligator closely misses you. The alligator bites you!!
* * * LOW HITPOINT WARNING * * *
The alligator is wracked by anguish!!
You block the alligator's attack.
Roots burst forth from the earth!
The grasping roots grab you! The grasping roots constrict you!
* * * LOW HITPOINT WARNING * * *
The alligator bites you but does no damage.
You block the alligator's attack. The alligator bites you!!
You die...
Your body rises from the dead as a mindless zombie.

≈§≈≈.§. ≈♣.)
≈≈≈≈≈≈. ..≈≈
.≈≈≈≈≈. ♣♣≈♣.§≈
♣≈.≈§≈ §♣)...≈
♣♣.≈≈≈ ....≈≈≈
♣.≈≈≈.♣.≈≈≈≈≈≈
♣.§≈≈≈t.≈≈§≈≈≈
♣.!≈≈h@.≈≈..§≈
♣..≈≈Z.t≈..≈≈≈
..<.≈≈≈.≈≈.≈≈≈=
≈♣≈§≈...♣≈f..§≈
♣≈≈.≈≈..S≈..≈≈
♣≈≈≈..≈≈≈...≈≈
♣.≈≈...≈≈ .♣≈.≈
♣≈)..≈...≈.♣≈..


You could see a shambling mangrove (ally target), 2 alligators, a friendly mana
viper (summoned), a friendly bound swamp dragon and a friendly wolf (summoned,
poisoned).

Vanquished Creatures
  A dire elephant (Lair:6)
  Erolcha (D:10)
  Harold (D:9)
  6 hydras
  A boulder beetle (Lair:1)
  A two-headed ogre (D:11)
  6 death yaks
  Urug (D:10)
  4 bog bodies
  A swamp dragon (Lair:4)
  A will-o-the-wisp (Swamp:1)
  2 black mambas
  11 elephants
  8 cane toads
  3 rime drakes
  5 komodo dragons
  A kobold demonologist (D:10)
  A troll (D:9)
  A hornet (D:11)
  3 polar bears
  7 blink frogs
  5 dream sheep
  2 wyverns
  2 wraiths
  A vampire (D:11)
  9 yaks
  A vampire mosquito (Lair:4)
  Grum (D:8)
  2 redbacks (Lair:3)
  2 basilisks
  4 swamp worms
  8 water moccasins
  2 swamp drakes (Lair:4)
  6 black bears
  3 orc warriors
  A sky beast (D:7)
  11 wolves
  2 ogres
  3 centaurs
  A kobold brigand (D:8)
  7 bullfrogs
  2 scorpions
  A gnoll sergeant (D:9)
  A wyvern skeleton (D:4)
  A water moccasin zombie (D:5)
  A water moccasin skeleton (D:5)
  An electric eel (Lair:3)
  8 wights
  3 howler monkeys (D:10)
  3 bullfrog zombies
  2 centaur zombies
  2 centaur skeletons
  2 jellies
  4 hounds
  A gnoll shaman (D:8)
  6 orc priests
  A human zombie (D:5)
  2 bullfrog skeletons
  Crazy Yiuf (D:3)
  Terence (D:3)
  2 scorpion zombies (D:5)
  7 iguanas
  8 orc wizards
  2 killer bee zombies
  4 mummies
  A howler monkey zombie (D:5)
  7 gnolls
  8 adders
  2 shadow imps (D:7)
  A white imp (D:5)
  2 ufetubi
  2 worms
  3 dart slugs
  44 orcs
  5 ball pythons
  7 endoplasms
  6 giant cockroaches
  5 hobgoblins
  4 jackals (D:2)
  A quokka (D:3)
  7 bats
  3 frilled lizards
  4 goblins
  11 kobolds
  5 rats
  A butterfly (Lair:2)
334 creatures vanquished.

Vanquished Creatures (collateral kills)
  2 eleionomae (Swamp:1)
  A bunyip (Swamp:1)
  3 hydras
  A catoblepas (Lair:6)
  Erica (D:7)
  A deep troll shaman (Lair:6)
  12 death yaks
  2 alligators
  4 goliath frogs
  A swamp dragon (Swamp:2)
  12 elephants
  A guardian serpent (Lair:1)
  4 cane toads
  A tyrant leech (Swamp:1)
  8 blink frogs
  3 dream sheep
  2 jumping spiders (Lair:3)
  A culicivora (Lair:3)
  27 yaks
  A hog (shapeshifter) (D:8)
  A vampire mosquito (Lair:4)
  4 swamp worms
  3 water moccasins
  12 wolves
  5 bullfrogs
  2 wights (D:10)
  A centaur zombie (D:5)
  3 orc wizards
  A statue (D:7)
  A howler monkey zombie (D:7)
  11 orcs
  4 foxfires
136 creatures vanquished.

Vanquished Creatures (others)
  Nessos (Lair:5)
  3 hydras
  An alligator (Swamp:1)
  A spriggan druid (Swamp:1)
  8 elephants
  A black mamba (Lair:4)
  A cane toad (Lair:4)
  A torpor snail (Lair:2)
  A komodo dragon (Lair:2)
  A swamp worm zombie (Lair:3)
  A tyrant leech (Swamp:1)
  2 bloated husks (Swamp:1)
  A black mamba zombie (Lair:6)
  2 yaks (Lair:4)
  4 cane toad zombies
  A water moccasin (Lair:6)
  A dream sheep zombie (Lair:6)
  5 elephant zombies
  6 blink frog zombies
  A rime drake zombie (Lair:6)
  A komodo dragon zombie (Lair:2)
  4 water moccasin zombies
  A polar bear zombie (Lair:4)
  A yak zombie (Lair:4)
  7 wolf zombies
  A bullfrog zombie (Lair:2)
  A spectral jelly (D:8)
  3 howler monkey zombies (D:10)
  5 gnoll zombies
  3 kobold zombies (D:8)
  20 orc zombies
  A spectral ufetubus (D:7)
  770 foxfires
  2 fulminant prisms (Lair:2)
  82 fungi
  80 plants
  5 toadstools (D:2)
1030 creatures vanquished.

Grand Total: 1500 creatures vanquished

Notes
Turn   | Place    | Note
-------+----------+-------------------------------------------
     0 | D:1      | a3don the Djinni Conjurer began the quest for the Orb.
     0 | D:1      | Reached XP level 1. HP: 15/15 MP: 0/0
   327 | D:1      | Reached XP level 2. HP: 17/21 MP: 0/0
   888 | D:1      | Reached XP level 3. HP: 23/25 MP: 0/0
   888 | D:1      | Learned a level 1 spell: Foxfire
  1520 | D:2      | Reached XP level 4. HP: 30/31 MP: 0/0
  2431 | D:3      | Noticed Terence
  2443 | D:3      | Killed Terence
  2926 | D:3      | Found an iron altar of Okawaru.
  3086 | D:3      | Reached XP level 5. HP: 34/35 MP: 0/0
  3086 | D:3      | Learned a level 2 spell: Scorch
  3334 | D:3      | Found a runed translucent door.
  3335 | D:3      | Noticed Crazy Yiuf
  3715 | D:3      | Killed Crazy Yiuf
  3840 | D:4      | Reached XP level 6. HP: 30/40 MP: 0/0
  4025 | D:4      | Identified the +10 spear "Dokusoink" {pain, rF- Will+
                  | Dex+2}
  4339 | D:4      | Found a stormy altar of Qazlal.
  4496 | D:4      | Noticed an ogre
  4504 | D:4      | Killed an ogre
  4505 | D:4      | Reached XP level 7. HP: 36/45 MP: 0/0
  4505 | D:4      | Learned a level 3 spell: Call Canine Familiar
  4898 | D:5      | Entered Level 5 of the Dungeon
  4903 | D:5      | Reached skill level 5 in Dodging
  4907 | D:5      | Reached skill level 1 in Fighting
  5010 | D:5      | Reached XP level 8. HP: 53/54 MP: 0/0
  5016 | D:5      | Reached skill level 5 in Spellcasting
  5681 | D:5      | Found a basalt altar of Yredelemnul.
  5696 | D:5      | Became a worshipper of Yredelemnul the Dark
  6422 | D:6      | Found a staircase to the Ecumenical Temple.
  6705 | D:6      | Reached XP level 9. HP: 61/62 MP: 0/0
  6705 | D:6      | Learned a level 4 spell: Anguish
  6923 | D:6      | Reached * piety under Yredelemnul
  6952 | D:6      | Found a hazy altar of Hepliaklqana.
  7096 | D:6      | Found a bloodstained altar of Trog.
  7218 | D:6      | Found a snail-covered altar of Cheibriados.
  7344 | D:7      | Found a sacrificial altar of Ru.
  7416 | D:7      | Reached skill level 5 in Fighting
  7442 | D:7      | Found a blossoming altar of Fedhas.
  7705 | D:7      | Reached ** piety under Yredelemnul
  7954 | D:7      | Reached *** piety under Yredelemnul
  8544 | D:8      | Reached XP level 10. HP: 66/72 MP: 0/0
  8551 | D:8      | Noticed an elephant
  8556 | D:8      | Noticed Erica
  8766 | D:7      | Killed Erica
  8772 | D:7      | Killed an elephant
  8937 | D:8      | Noticed Grum
  8945 | D:8      | Killed Grum
  8951 | D:8      | Your ally Grum died
  9245 | D:8      | Found a staircase to the Lair.
  9772 | D:9      | Reached skill level 10 in Dodging
  9789 | D:9      | Found a white marble altar of Elyvilon.
  9892 | D:9      | Reached XP level 11. HP: 77/81 MP: 0/0
  9892 | D:9      | Learned a level 4 spell: Airstrike
  9916 | D:9      | Found Vonker's Jewellery Emporium.
  9924 | D:9      | Bought a ring of protection from cold for 325 gold pieces
  9940 | D:9      | Found Xyrphogi's Distillery.
  9941 | D:9      | Noticed Harold
  9953 | D:9      | Killed Harold
  9967 | D:9      | Bought a potion of heal wounds for 50 gold pieces
  9967 | D:9      | Bought a potion of curing for 30 gold pieces
 10198 | D:10     | Entered Level 10 of the Dungeon
 10309 | D:10     | Found a runed translucent gate.
 10309 | D:10     | Found a runed translucent gate.
 10309 | D:10     | Found a runed translucent gate.
 10310 | D:10     | Found an opulent altar of Gozag.
 10310 | D:10     | Noticed Kalaber's ghost (novice TrMo)
 10340 | D:10     | Noticed Urug
 10355 | D:10     | Killed Urug
 11062 | D:10     | Noticed Erolcha
 11068 | D:10     | Killed Erolcha
 11069 | D:10     | Reached skill level 1 in Invocations
 11175 | D:11     | Noticed a five-headed hydra
 11182 | D:10     | HP: 3/82 [five-headed hydra (13)]
 11191 | D:10     | Killed a five-headed hydra
 11337 | D:11     | Noticed a two-headed ogre
 11346 | D:11     | Killed a two-headed ogre
 11362 | D:11     | Found a staircase to the Orcish Mines.
 11577 | D:11     | Noticed a seven-headed hydra
 11591 | D:11     | Killed a seven-headed hydra
 11649 | D:11     | Reached XP level 12. HP: 85/89 MP: 0/0
 11658 | D:11     | Noticed a five-headed hydra
 11663 | D:11     | Killed a five-headed hydra
 12017 | Lair:1   | Entered Level 1 of the Lair of Beasts
 12245 | D:8      | Reached skill level 5 in Invocations
 12911 | Lair:1   | Noticed a boulder beetle
 12925 | Lair:1   | Killed a boulder beetle
 12957 | Lair:1   | Reached skill level 10 in Fighting
 12975 | Lair:1   | Found the +3 pair of seven-league boots {Rampage+∞}
 13425 | Lair:2   | Reached skill level 1 in Shields
 13431 | Lair:2   | Reached skill level 1 in Armour
 13610 | Lair:2   | Noticed a four-headed hydra
 13619 | Lair:2   | Killed a four-headed hydra
 13620 | Lair:2   | Reached XP level 13. HP: 7/96 MP: 0/0
 13620 | Lair:2   | Learned a level 5 spell: Summon Mana Viper
 14022 | Lair:2   | Reached **** piety under Yredelemnul
 14064 | Lair:2   | Reached ***** piety under Yredelemnul
 14607 | Lair:3   | Reached skill level 1 in Evocations
 14879 | Lair:3   | Found a hole to the Spider Nest.
 14998 | Lair:3   | Reached ****** piety under Yredelemnul
 15001 | Lair:3   | Reached skill level 5 in Shields
 15150 | Lair:3   | Noticed a six-headed hydra
 15157 | Lair:3   | Killed a six-headed hydra
 15485 | Lair:3   | Found a staircase to the Swamp.
 15862 | Lair:4   | Noticed a four-headed hydra
 15866 | Lair:4   | Killed a four-headed hydra
 15901 | Lair:4   | Noticed a seven-headed hydra
 16166 | Lair:4   | Reached XP level 14. HP: 71/103 MP: 0/0
 16917 | Lair:4   | Identified the +4 leather armour of Dithmenos's Regard
                  | {rElec}
 17189 | Lair:5   | Reached skill level 5 in Armour
 17280 | Lair:5   | Reached skill level 10 in Spellcasting
 17280 | Lair:5   | Reached skill level 10 in Invocations
 17403 | Lair:5   | Found a gate leading to a gauntlet.
 17424 | Lair:5   | Noticed Nessos
 17431 | Lair:5   | Killed Nessos
 17691 | Lair:5   | Found a runed translucent gate.
 17692 | Lair:5   | Found a runed translucent gate.
 17693 | Lair:5   | Found a runed translucent gate.
 17693 | Lair:5   | Noticed Clumpoid's ghost (journeyman GnFi)
 17989 | Lair:5   | Reached skill level 5 in Evocations
 18450 | Lair:6   | Entered Level 6 of the Lair of Beasts
 18462 | Lair:6   | Reached XP level 15. HP: 79/111 MP: 0/0
 18462 | Lair:6   | Learned a level 6 spell: Dispersal
 18788 | Lair:6   | Found a staircase to the Slime Pits.
 19702 | Swamp:1  | Entered Level 1 of the Swamp
 20563 | Swamp:2  | Slain by an alligator

Illustrated notes

Levels and vault maps discovered:
D:1:      wander_arrival_lonely_grave, layout_basic
D:2:      layout_basic, minmay_gold_behind_fungi, minmay_misc_feat_alley
D:3:      layout_loops_ring, okawaru_metal_pillars_1_2, uniq_terence,
          uniq_crazy_yiuf_cottage
D:4:      layout_basic, mainiacjoe_overflow_paths, serial_glass,
          glass_columns_a, glass_columns_a, glass_columns_a, glass_columns_a,
          feat_on_display, minmay_strange_pillars, item_on_display_a,
          feat_on_display
D:5:      layout_basic, lemuel_mausoleum_altar_yredelemnul, grunt_ministairs_5
D:6:      layout_loops_corners, chei_slow_surprise,
          nicolae_kikubaaqudgha_miasma_corner, mainiacjoe_overflow_big_doors,
          minmay_temple_entry_arrows
D:7:      layout_basic, vehumet_statue, mainiacjoe_overflow_alcove_1,
          fedhas_altar_fruit_tree, nicolae_sextant
D:8:      layout_loops_cross, david_lair_generic, uniq_erica, uniq_grum
D:9:      layout_rooms, general_overflow_altar, serial_shops, shop,
          nicolae_lakefront_shop, grunt_ministairs_8, uniq_harold
D:10:     layout_cave_pods, ebering_ghost_gozag, uniq_erolcha, uniq_urug
D:11:     layout_cave_pools, hiddenorc2_lemuel, grunt_ministairs_2
Lair:1:   layout_hall_layers, minmay_lair_oklob_items,
          chequers_serial_rivers_large_b,
          hellmonk_guarded_unrand_seven_league_boots, serial_bayou_shore_b
Lair:2:   layout_regular_city, minmay_lair_oklob_bushes, st_stairs_9,
          lemuel_fruit_fields
Lair:3:   layout_loops_ring, nicolae_swamp_entry_splash_gauntlet,
          nicolae_spider_entry_tight_spaces, infiniplex_staircase_pool_2
Lair:4:   onia_ninara_swampy_vault, layout_hall_layers, basic_altar
Lair:5:   layout_long_grid, ebering_ghost_rock_garden, gauntlet_entry_generic,
          uniq_nessos
Lair:6:   grunt_lair_end_beastmaster, layout_small_grid, slime_dummy
Swamp:1:  layout_basic_swamp, evilmike_swamp_ruin_house_6
Swamp:2:  layout_basic_swamp, infiniplex_staircase_pool

Skill      XL: |  1  2  3  4  5  6  7  8  9 10 11 12 13 14 15 |
---------------+----------------------------------------------+-----
Stealth        | 2 3 4 |  4.0
Dodging        | 3 4 5 6 8 10 11 12 | 12.0
Spellcasting   | 4 5 6 7 8 9 10 | 10.6
Fighting       | 2 4 6 7 9 10 11 12 | 12.2
Invocations    | 4 7 9 10 11 | 11.2
Shields        | 2 6 8 9 |  9.0
Armour         | 2 4 5 7 |  7.3
Evocations     | 3 5 6 |  6.6

Action                   |  1- 3 |  4- 6 |  7- 9 | 10-12 | 13-15 || total
-------------------------+-------+-------+-------+-------+-------++-------
Melee: Spear             |       |       |       |    13 |    38 ||    51
       Punch             |       |       |       |       |     1 ||     1
Throw: Dart              |       |       |     2 |     1 |       ||     3
 Cast: Magic Dart        |    52 |    20 |    16 |       |     1 ||    89
       Foxfire           |    15 |    98 |   127 |   207 |    42 ||   489
       Dazzling Flash    |       |     1 |       |    19 |    11 ||    31
       Searing Ray       |       |     1 |       |       |       ||     1
       Scorch            |       |     5 |   111 |   149 |    66 ||   331
       Call Canine Famil |       |       |     6 |    24 |     8 ||    38
       Anguish           |       |       |     1 |     7 |    24 ||    32
       Airstrike         |       |       |       |    35 |   270 ||   305
       Iskenderun's Myst |       |       |       |     5 |       ||     5
       Fulminant Prism   |       |       |       |     2 |       ||     2
       Summon Mana Viper |       |       |       |       |     9 ||     9
       Dispersal         |       |       |       |       |     1 ||     1
Invok: Recall Undead Har |       |       |     1 |     1 |     2 ||     4
       Dark Bargain      |       |       |       |     2 |     3 ||     5
       Bind Soul         |       |       |       |       |     2 ||     2
       Drain Life        |       |       |       |       |     1 ||     1
Evoke: Condenser vane    |       |       |       |       |     1 ||     1
  Use: Scroll            |       |       |       |     9 |     7 ||    16
       Potion            |       |       |       |     4 |     3 ||     7
 Stab: Sleeping          |       |       |       |     1 |       ||     1
       Distracted        |       |       |       |       |     2 ||     2
       Invisible         |       |       |       |       |     3 ||     3
Armor: Robe              |     1 |     7 |    15 |    49 |     4 ||    76
       Leather armour    |       |       |       |       |    30 ||    30
Dodge: Dodged            |     2 |    11 |    29 |   141 |    80 ||   263
Block: Kite shield       |       |       |       |       |    28 ||    28
